 Dungeon Crawl Stone Soup version 0.30-a0-715-gdb4ae3ece1 (webtiles) character file.

Game seed: 9459979262883496138

107 wormed the Shield-Bearer (level 4, -2/36 (38) HPs)
             Began as a Gnoll Wanderer on Jan 24, 2023.
             Slain by Grinder (5 damage)
             ... on level 3 of the Dungeon.
             The game lasted 00:02:32 (2206 turns).

wormed the Shield-Bearer (Gnoll Wanderer)           Turns: 2206, Time: 00:02:33

HP:   -2/36 (38)    AC:  5    Str: 10    XL:     4   Next: 86%
MP:   5/5           EV: 12    Int: 11    God:
Gold: 138           SH:  8    Dex: 15    Spells: 5/5 levels left

rFire   . . .      SeeInvis .    r - +3 short sword (drain)
rCold   . . .      Faith    .    b - +2 buckler
rNeg    . . .      Spirit   .    d - +0 robe
rPois   .          Reflect  .    q - +1 hat
rElec   .          Harm     .    m - +1 cloak
rCorr   .          Rampage  .    (no gloves)
Will    .....                    (no boots)
Stlth   ++                       (no amulet)
HPRegen 0.26/turn                (no ring)
MPRegen 0.09/turn                (no ring)

@: drained
A: fangs 1, strong nose, distributed training
a: no special abilities


You were on level 3 of the Dungeon.
You visited 1 branch of the dungeon, and saw 3 of its levels.

You collected 138 gold pieces.

Inventory:

Hand Weapons
 a - a +1 short sword
 k - a +1 dagger of venom
 r - a +3 short sword of draining (weapon)
Armour
 b - a +2 buckler (worn)
 d - a +0 robe (worn)
 m - a +1 cloak (worn)
 q - a +1 hat (worn)
Jewellery
 p - a ring of poison resistance
Scrolls
 i - 2 scrolls of vulnerability
 n - 2 scrolls of fear {unknown}
 s - a scroll of fog {unknown}
 t - a scroll of identify
Potions
 c - a potion of heal wounds
 e - a potion of flight
 f - a potion of cancellation
 g - 2 potions of berserk rage
 h - 2 potions of haste {unknown}
 j - a potion of resistance
 l - 2 potions of curing {unknown}
 o - a potion of mutation {unknown}


   Skills:
 + Level 4.7 Fighting
 + Level 6.6 Short Blades
 + Level 1.3 Long Blades
 + Level 1.3 Axes
 + Level 1.3 Maces & Flails
 + Level 1.3 Polearms
 + Level 1.3 Staves
 + Level 1.3 Ranged Weapons
 + Level 1.3 Throwing
 + Level 1.3 Armour
 + Level 2.8 Dodging
 + Level 1.3 Stealth
 + Level 6.6 Shields
 + Level 1.3 Unarmed Combat
 + Level 1.3 Spellcasting
 + Level 1.0 Conjurations
 + Level 1.0 Hexes
 + Level 1.0 Summonings
 + Level 1.0 Necromancy
 + Level 1.0 Translocations
 + Level 1.0 Transmutations
 + Level 1.0 Fire Magic
 + Level 1.0 Ice Magic
 + Level 1.0 Air Magic
 + Level 1.0 Earth Magic
 + Level 1.0 Poison Magic
 + Level 1.4 Invocations
 + Level 2.8 Evocations


You had 5 spell levels left.
You didn't know any spells.
Your spell library was empty.

Dungeon Overview and Level Annotations

Branches:
Dungeon (3/15)

Altars:

Annotations:
D:2 Robin
D:3 1 runed translucent door, Crazy Yiuf, Grinder


Innate Abilities, Weirdness & Mutations

You have very sharp teeth.
Your uncanny sense of smell can sniff out nearby items.
Your experience applies equally to all skills.


Message History

You hit Grinder.
Grinder is moderately wounded.
You closely miss Grinder.
Grinder is moderately wounded.
You block Grinder's attack.
You hit Grinder but do no damage.
Grinder is moderately wounded.
Grinder gestures at you. Pain shoots through your body!
You completely miss Grinder. You bite Grinder, but do no damage.
Grinder is moderately wounded.
Grinder closely misses you.
You hit Grinder.
Grinder is heavily wounded.
You hit Grinder. You bite Grinder, but do no damage.
Grinder is heavily wounded.
Grinder hits you!
* * * LOW HITPOINT WARNING * * *
You writhe in agony.
* * * LOW HITPOINT WARNING * * *
You hit Grinder. Your bite misses Grinder.
Grinder is heavily wounded.
Grinder hits you but does no damage.
You hit Grinder but do no damage. You bite Grinder, but do no damage.
Grinder is heavily wounded.
You barely miss Grinder. You bite Grinder, but do no damage.
Grinder is heavily wounded.
Grinder hits you.
* * * LOW HITPOINT WARNING * * *
You writhe in agony.
* * * LOW HITPOINT WARNING * * *
You hit Grinder.
Grinder is severely wounded.
Grinder hits you but does no damage.
You hit Grinder.
Grinder is severely wounded.
Grinder hits you.
* * * LOW HITPOINT WARNING * * *
You writhe in agony.
You die...

#......... ###
#.######## ..# ###
#"# #.# #######.##
### .........#####
#)..### #
#....(5.....#
#...+.#### #†@#
#...##..#. #..# ###
###.# +.########..#
### #...........#
#.....#####.#######
### ### +.#####
#....<.#.# #.# #[##
# #..###.#.# #.#
#.## ..>..# #.#.#
#.###.## #.##..#
#.#.###.##.#.#


You could see Grinder.

Vanquished Creatures
  Terence (D:3)
  An adder (D:3)
  3 dart slugs (D:1)
  An orc (D:3)
  5 endoplasms
  A giant cockroach (D:1)
  12 goblins
  6 hobgoblins
  4 jackals (D:1)
  7 kobolds
  2 quokkas
  4 ball pythons
  6 bats (D:1)
  4 frilled lizards
  4 rats
61 creatures vanquished.

Vanquished Creatures (others)
  A dart slug (D:1)
  A frilled lizard (D:1)
2 creatures vanquished.

Grand Total: 63 creatures vanquished

Notes
Turn   | Place    | Note
-------+----------+-------------------------------------------
     0 | D:1      | wormed the Gnoll Wanderer began the quest for the Orb.
     0 | D:1      | wormed set off with the following items: a +1 short sword,
                  | a +2 buckler, a potion of heal wounds, a +0 robe.
     0 | D:1      | Reached XP level 1. HP: 20/20 MP: 1/1
   111 | D:1      | Reached XP level 2. HP: 22/26 MP: 2/2
   317 | D:1      | Reached XP level 3. HP: 31/31 MP: 3/3
   351 | D:1      | Found a faded altar of an unknown god.
   756 | D:1      | Reached skill level 1 in Invocations
   933 | D:1      | Reached skill level 1 in Long Blades
   933 | D:1      | Reached skill level 1 in Axes
   933 | D:1      | Reached skill level 1 in Maces & Flails
   933 | D:1      | Reached skill level 1 in Polearms
   933 | D:1      | Reached skill level 1 in Staves
   933 | D:1      | Reached skill level 1 in Ranged Weapons
   933 | D:1      | Reached skill level 1 in Throwing
   933 | D:1      | Reached skill level 1 in Armour
   933 | D:1      | Reached skill level 1 in Stealth
   933 | D:1      | Reached skill level 1 in Unarmed Combat
   933 | D:1      | Reached skill level 1 in Spellcasting
  1371 | D:2      | Reached XP level 4. HP: 13/38 MP: 5/5
  1675 | D:2      | Noticed Robin
  1840 | D:3      | Reached skill level 1 in Conjurations
  1840 | D:3      | Reached skill level 1 in Hexes
  1840 | D:3      | Reached skill level 1 in Summonings
  1840 | D:3      | Reached skill level 1 in Necromancy
  1840 | D:3      | Reached skill level 1 in Translocations
  1840 | D:3      | Reached skill level 1 in Transmutations
  1840 | D:3      | Reached skill level 1 in Fire Magic
  1840 | D:3      | Reached skill level 1 in Ice Magic
  1840 | D:3      | Reached skill level 1 in Air Magic
  1840 | D:3      | Reached skill level 1 in Earth Magic
  1840 | D:3      | Reached skill level 1 in Poison Magic
  1976 | D:3      | Noticed Terence
  1987 | D:3      | Killed Terence
  2060 | D:3      | Found a runed translucent door.
  2061 | D:3      | Noticed Crazy Yiuf
  2181 | D:3      | Noticed Grinder
  2190 | D:3      | Paralysed by Grinder for 3 turns
  2206 | D:3      | Slain by Grinder

Illustrated notes

Levels and vault maps discovered:
D:1:      dpeg_arrival_rooms_a, layout_loops_ring,
          shapermc_ecumenical_altar_totnotflames, st_stairs_9,
          lemuel_flame_loot_1
D:2:      minmay_general_purpose_star, layout_loops_ring, basic_altar,
          kennysheep_doodads, chequers_serial_rivers_small_3, minmay_vboxes,
          uniq_robin
D:3:      minmay_angry_zag, layout_loops_ring, mainiacjoe_overflow_24_doors,
          minmay_puff, uniq_terence, uniq_grinder, uniq_crazy_yiuf_cottage

Skill      XL: |  1  2  3  4 |
---------------+-------------+-----
Invocations    | 1 |  1.4
Long Blades    | 1 |  1.3
Axes           | 1 |  1.3
Maces & Flails | 1 |  1.3
Polearms       | 1 |  1.3
Staves         | 1 |  1.3
Ranged Weapons | 1 |  1.3
Throwing       | 1 |  1.3
Armour         | 1 |  1.3
Stealth        | 1 |  1.3
Unarmed Combat | 1 |  1.3
Spellcasting   | 1 |  1.3
Conjurations   | 1 |  1.0
Hexes          | 1 |  1.0
Summonings     | 1 |  1.0
Necromancy     | 1 |  1.0
Translocations | 1 |  1.0
Transmutations | 1 |  1.0
Fire Magic     | 1 |  1.0
Ice Magic      | 1 |  1.0
Air Magic      | 1 |  1.0
Earth Magic    | 1 |  1.0
Poison Magic   | 1 |  1.0
Fighting       | |  4.7
Short Blades   | |  6.6
Dodging        | |  2.8
Shields        | |  6.6
Evocations     | |  2.8

Action                     |  1- 3 |  4- 6 || total
---------------------------+-------+-------++-------
  Melee: Short sword       |   111 |    23 ||   134
         Bite              |    19 |    10 ||    29
         Dagger            |    31 |    38 ||    69
    Use: Scroll            |     5 |     3 ||     8
   Stab: Sleeping          |     5 |     2 ||     7
 Armour: Robe              |    15 |    11 ||    26
  Dodge: Dodged            |    37 |    18 ||    55
  Block: Buckler           |    46 |     9 ||    55

Table legend: (Time is in decaauts)
 A = Elapsed time spent in this place.
 B = Non-inter-level travel time spent in this place.
 C = Inter-level travel time spent in this place.
 D = Time resting spent in this place.
 E = Time spent auto-exploring this place.
 F = Levels seen in this place.
 G = Mean time per level.
                   A        B        C        D        E       F      G
               +--------+--------+--------+--------+--------+-----+--------+
         Total |   2146 |   2103 |     43 |      0 |   1683 |   3 |  715.3 |
       Dungeon |   2146 |   2103 |     43 |      0 |   1683 |   3 |  715.3 |
               +--------+--------+--------+--------+--------+-----+--------+

Top non-repeatable levels by time:
     D:1: 1164 daAuts
     D:3: 495 daAuts
     D:2: 487 daAuts
